 Dungeon Crawl Stone Soup version 0.30-a0-845-g7c6808c8ce (webtiles) character file.

Game seed: 6132108666127806603

984 Bnni the Tainter (level 8, 0/93 HPs)
             Began as a Formicid Venom Mage on Mar 3, 2023.
             Slain by a bullfrog (4 damage)
             ... on level 6 of the Dungeon.
             The game lasted 00:13:00 (4703 turns).

Bnni the Tainter (Formicid Venom Mage)              Turns: 4703, Time: 00:13:01

Health: 0/93       AC: 24    Str: 12    XL:     8   Next: 41%
Magic:  1/12       EV:  2    Int: 18    God:
Gold:   165        SH:  0    Dex: 14    Spells: 3/13 levels left

rFire   . . .      SeeInvis .    l - +0 quarterstaff
rCold   . . .      Faith    .    (no shield)
rNeg    . . .      Spirit   .    a - melded +0 robe
rPois   +          Reflect  .    (helmet unavailable)
rElec   .          Rampage  .    (cloak currently unavailable)
rCorr   +                        (gloves currently unavailable)
Will    .....                    s - melded +0 pair of boots
Stlth   ++                       (no amulet)
HPRegen 0.35/turn                w - ring of resist corrosion
MPRegen 0.13/turn                x - ring of flight

@: tree-form
A: stationary, stasis, torment immunity, boosted hp, permanent stasis, dig
shafts and tunnels, (antennae 3), four strong arms
a: no special abilities


You were on level 6 of the Dungeon.
You were a tree.
You visited 1 branch of the dungeon, and saw 6 of its levels.

You collected 165 gold pieces.

Inventory:

Hand Weapons
 l - a +0 quarterstaff (weapon)
Armour
 a - a +0 robe (melded)
 s - a +0 pair of boots (melded)
Jewellery
 w - a ring of resist corrosion (left branch)
 x - a ring of flight (right branch)
Scrolls
 e - 2 scrolls of torment {unknown}
 f - 2 scrolls of brand weapon {unknown}
 g - 2 scrolls of identify {unknown}
 k - a scroll of blinking {unknown}
 m - a scroll of poison {unknown}
 n - a scroll of acquirement {unknown}
 q - a scroll of immolation {unknown}
 r - a scroll of magic mapping {unknown}
 u - 2 scrolls of fog
Potions
 b - a potion of magic
 c - a potion of might {unknown}
 d - 4 potions of lignification
 h - a potion of degeneration {unknown}
 j - 2 potions of brilliance {unknown}
 o - a potion of haste {unknown}
 p - a potion of attraction {unknown}
 t - a potion of invisibility {unknown}
 v - 2 potions of flight {unknown}


   Skills:
 + Level 5.0 Fighting
 - Level 1.7 Dodging
 - Level 2.4 Stealth
 - Level 3.0 Spellcasting
 - Level 1.1 Transmutations
 + Level 2.4 Air Magic
 * Level 9.8 Poison Magic


You had 3 spell levels left.
You knew the following spells:

 Your Spells              Type           Power      Damage    Failure   Level
a - Sting                 Tmut/Pois      88%        1d7       1%          1
b - Poisonous Vapours     Pois/Air       48%        N/A       1%          2
c - Mephitic Cloud        Conj/Pois/Air  17%        N/A       9%          3
d - Olgreb's Toxic Radia  Pois           37%        N/A       3%          4

Your spell library contained the following spells:

 Spells                   Type           Power      Damage    Failure   Level
 Spider Form              Tmut/Pois      22%        N/A       5%          3
 Beastly Appendage        Tmut           12%        N/A       11%         1
 Sandblast                Erth           4%         2d4       16%         1
 Wereblood                Tmut           6%         N/A       16%         2
 Passwall                 Tmut/Erth      3%         N/A       21%         2
 Lesser Beckoning         Tloc           4%         N/A       24%         2
 Momentum Strike          Conj/Tloc      4%         3d8       24%         2
 Vhi's Electric Charge    Tloc/Air       14%        N/A       30%         3
 Stone Arrow              Conj/Erth      4%         3d7       43%         3
 Arcjolt                  Conj/Air       3%         1d13      95%         5
 Maxwell's Capacitive Co  Air            5%         ∞         100%        8
 Blink                    Tloc           Unusable   N/A       N/A         2

Dungeon Overview and Level Annotations

Branches:
Dungeon (6/15)             Temple (0/1) D:6

Altars:
Yredelemnul

Shops:
D:3 ?   D:4 [   D:6 (


Innate Abilities, Weirdness & Mutations

You are a tree.
Your roots penetrate the ground, keeping you stationary.
You cannot be teleported.
You are immune to unholy pain and torment.
Your maximum health is greatly increased.
Your equipment is partially melded.
You cannot be hasted, slowed, berserked, paralysed or teleported.
You can dig through walls and to a lower floor.
((You have a pair of large antennae on your head. (SInv)))
Your four strong arms can wield two-handed weapons with a shield.


Message History

Your +0 pair of boots melds into your body.
Your +0 robe melds into your body.
Your roots penetrate the ground.
The gnoll hits you but does no damage. The gnoll barely misses you.
The gnoll sergeant hits you with a +6 trident of protection.
* * * LOW HITPOINT WARNING * * *
The orc wizard hits you but does no damage.
Okay, then.
You hit the gnoll sergeant.
The gnoll sergeant is moderately wounded.
You kill the gnoll!
The gnoll hits you but does no damage.
The gnoll sergeant hits you with a +6 trident of protection!
* * * LOW HITPOINT WARNING * * *
The orc wizard gestures wildly while chanting.
The orc wizard flickers and vanishes!
Deactivating autopickup; reactivate with Ctrl-A.
It was a potion of curing.
You feel better.
Reactivating autopickup.
You feel a bit more experienced.
The bullfrog hits you but does no damage.
The gnoll sergeant hits you with a +6 trident of protection.
* * * LOW HITPOINT WARNING * * *
Your Fighting skill increases to level 5!
You feel better.
The bullfrog hits you but does no damage.
The gnoll hits you but does no damage. x2
The gnoll sergeant hits you with a +6 trident of protection.
* * * LOW HITPOINT WARNING * * *
The bullfrog hits you but does no damage.
Casting: Olgreb's Toxic Radiance (dangerous; 3% risk of failure)
Confirm with . or Enter, or press ? or * to list all spells.
Aiming: Mephitic Cloud (dangerous; 9% risk of failure)
Press: ? - help, Shift-Dir - straight line The ball explodes into a vile cloud!
The stinking cloud engulfs the bullfrog but does no damage.
The stinking cloud engulfs the gnoll sergeant but does no damage.
The gnoll sergeant is moderately wounded.
You kill the gnoll!
The bullfrog hits you.
You die...

...........##.#.
.....#.#....#....
.#..#.#.#........#
...#)#.#.#.......#
....#.>.#.........
...#.#)#.#........
#...#.#.#.)>....#
.....#)#gF☼...##
#.....))♣☼○○...#
.#.....###g☼☼...#
...........<.##..#
....##......### ###
## #...##........#
$.##.#
.............##
..#..#
.........##...##....#
.........#.†...#....#
..............).....#


You could see a gnoll sergeant (very poisoned), a bullfrog and a gnoll.

Vanquished Creatures
  Sigmund (D:3)
  A wyvern (D:4)
  A water moccasin (D:4)
  A sky beast (D:6)
  An ice beast (D:5)
  A howler monkey (D:4)
  A hound (D:6)
  An iguana (D:4)
  2 orc wizards (D:6)
  5 gnolls
  3 adders
  2 ufetubi
  3 worms
  4 dart slugs
  25 orcs
  5 bats
  10 endoplasms
  5 giant cockroaches
  10 goblins
  9 hobgoblins
  13 jackals
  5 quokkas
  9 ball pythons
  5 frilled lizards
  10 kobolds
  3 rats
136 creatures vanquished.

Vanquished Creatures (others)
  7 toadstools (D:1)
7 creatures vanquished.

Grand Total: 143 creatures vanquished

Notes
Turn   | Place    | Note
-------+----------+-------------------------------------------
     0 | D:1      | Bnni the Formicid Venom Mage began the quest for the Orb.
     0 | D:1      | Reached XP level 1. HP: 13/13 MP: 3/3
   353 | D:1      | Reached XP level 2. HP: 15/20 MP: 3/5
   390 | D:1      | Learned a level 2 spell: Poisonous Vapours
   557 | D:1      | Reached skill level 1 in Fighting
   636 | D:1      | Reached XP level 3. HP: 23/26 MP: 2/6
  1012 | D:1      | Reached skill level 5 in Poison Magic
  1505 | D:2      | Reached XP level 4. HP: 32/32 MP: 5/8
  1510 | D:2      | Learned a level 4 spell: Olgreb's Toxic Radiance
  2420 | D:3      | Reached XP level 5. HP: 38/38 MP: 4/9
  2488 | D:3      | Reached skill level 6 in Poison Magic
  2643 | D:3      | Noticed Sigmund
  2654 | D:3      | Killed Sigmund
  2655 | D:3      | Reached skill level 7 in Poison Magic
  2655 | D:3      | Reached XP level 6. HP: 41/47 MP: 4/10
  2661 | D:3      | Learned a level 3 spell: Mephitic Cloud
  2899 | D:3      | Found Afam's Magic Scroll Boutique.
  3296 | D:4      | Reached XP level 7. HP: 51/52 MP: 5/11
  3324 | D:4      | Noticed a wyvern
  3334 | D:4      | Killed a wyvern
  3335 | D:4      | Reached skill level 1 in Air Magic
  3335 | D:4      | Reached skill level 8 in Poison Magic
  3731 | D:4      | Noticed a water moccasin
  3747 | D:4      | Killed a water moccasin
  3993 | D:4      | Found a basalt altar of Yredelemnul.
  4048 | D:4      | Found Eloymept's Armour Boutique.
  4301 | D:5      | Entered Level 5 of the Dungeon
  4439 | D:5      | Reached skill level 9 in Poison Magic
  4439 | D:5      | Reached XP level 8. HP: 20/61 MP: 5/12
  4613 | D:5      | You are sucked into a shaft and drop 1 floor!
  4613 | D:6      | Found Pial's Weapon Boutique.
  4646 | D:6      | Found a staircase to the Ecumenical Temple.
  4700 | D:6      | HP: 1/91 [gnoll sergeant/+6 trident of protection (8)]
  4702 | D:6      | Reached skill level 5 in Fighting
  4703 | D:6      | Slain by a bullfrog

Illustrated notes

Levels and vault maps discovered:
D:1:      nagdon_arrival_double_spiral, layout_loops_corners, patterned_corridor
D:2:      layout_basic
D:3:      layout_rooms, serial_shops, shop, minmay_misc_feat_five,
          grunt_ministairs_9, uniq_sigmund
D:4:      layout_gridville, lemuel_round_altar, serial_shops,
          nicolae_shop_behind_doors, minmay_vboxes
D:5:      layout_gridville, gammafunk_ghost_necromancy
D:6:      cheibrodos_thug_alley, layout_cave_pools,
          gammafunk_temple_overflow_forgotten, minmay_temple_entry_grid,
          serial_shops, kennysheep_little_box, nicolae_shop_waterfront,
          nicolae_diamond_shop, nicolae_shop_bloodbath_and_beyond,
          serial_column_ruins, column_ruins_temple_circle, column_ruins_hut,
          column_ruins_open_tiny, column_ruins_open_small, column_ruins_grid_1,
          column_ruins_open_small, serial_bayou_pond_d, serial_bayou_crossing

Skill      XL: |  1  2  3  4  5  6  7  8 |
---------------+-------------------------+-----
Fighting       | 1 2 3 4 5 |  5.0
Poison Magic   | 5 7 9 |  9.8
Spellcasting   | 3 |  3.0
Air Magic      | 2 |  2.4
Dodging        | |  1.7
Stealth        | |  2.4
Transmutations | |  1.1

Action                     |  1- 3 |  4- 6 |  7- 9 || total
---------------------------+-------+-------+-------++-------
  Melee: Club              |    35 |       |       ||    35
         Unarmed           |     3 |       |       ||     3
         Whip              |    12 |    24 |       ||    36
         Quarterstaff      |       |    63 |    54 ||   117
         Punch             |       |     2 |       ||     2
  Throw: Throwing net      |       |       |     1 ||     1
   Cast: Sting             |    49 |    29 |    29 ||   107
         Olgreb's Toxic Ra |       |     6 |     6 ||    12
         Poisonous Vapours |       |     4 |     1 ||     5
         Mephitic Cloud    |       |       |     2 ||     2
    Use: Scroll            |       |       |     1 ||     1
         Potion            |       |       |     3 ||     3
   Stab: Sleeping          |     4 |     1 |       ||     5
 Armour: Robe              |    14 |    10 |    13 ||    37
         Skin              |       |       |     8 ||     8
  Dodge: Dodged            |    40 |    56 |    57 ||   153

Table legend: (Time is in decaauts)
 A = Elapsed time spent in this place.
 B = Non-inter-level travel time spent in this place.
 C = Inter-level travel time spent in this place.
 D = Time resting spent in this place.
 E = Time spent auto-exploring this place.
 F = Levels seen in this place.
 G = Mean time per level.
                   A        B        C        D        E       F      G
               +--------+--------+--------+--------+--------+-----+--------+
         Total |   4748 |   4659 |     89 |    460 |   3358 |   6 |  791.3 |
       Dungeon |   4748 |   4659 |     89 |    460 |   3358 |   6 |  791.3 |
               +--------+--------+--------+--------+--------+-----+--------+

Top non-repeatable levels by time:
     D:1: 1465 daAuts
     D:4: 1135 daAuts
     D:2: 918 daAuts
     D:3: 822 daAuts
     D:5: 312 daAuts
     D:6: 93 daAuts
